 Dungeon Crawl Stone Soup version 0.19-a0-726-g4af737f (webtiles) character file.

20 Kurtz the Cudgeler (level 2, -1/24 HPs)
             Began as a Mummy Berserker on June 22, 2016.
             Was a Follower of Trog.
             Slain by a hobgoblin
             ... wielding a +0 club
              (3 damage)
             ... on level 2 of the Dungeon.
             The game lasted 00:00:58 (896 turns).

Kurtz the Cudgeler (Mummy Berserker)                 Turns: 896, Time: 00:00:58

Health: -1/24      AC:  5    Str: 20    XL:     2   Next: 58%
Magic:  2/2        EV: 11    Int:  6    God:    Trog [*.....]
Gold:   56         SH:  0    Dex: 11    Spells: 0 memorised, 1 level left

rFire  x . .     SeeInvis .     a - +0 mace
rCold  + . .     Gourm    .     g - +0 ring mail (curse)
rNeg   + + +     Faith    .     (no shield)
rPois  ∞         Spirit   .     (no helmet)
rElec  .         Dismiss  .     (no cloak)
rCorr  .         Reflect  .     (no gloves)
SustAt .         Harm     .     (no boots)
MR     +....                    (no amulet)
Stlth  +.........               (no ring)
                                e - ring of protection from magic

@: somewhat resistant to hostile enchantments, very unstealthy
A: no food or potions, fire vulnerability, cold resistance 1, negative energy
resistance 3, torment resistance, unbreathing
a: Burn Spellbooks, Renounce Religion


You were on level 2 of the Dungeon.
You worshipped Trog.
Trog was aware of your devotion.
You were not hungry.

You visited 1 branch of the dungeon, and saw 2 of its levels.

You collected 56 gold pieces.

Inventory:

Hand Weapons
 a - a +0 mace (weapon)
Armour
 b - a +0 animal skin
 f - a +0 leather armour
 g - a cursed +0 ring mail (worn)
Jewellery
 e - a ring of protection from magic (left hand)
Scrolls
 c - a scroll of remove curse {unknown}
 d - a scroll of enchant weapon {unknown}


   Skills:
 - Level 3.0 Fighting
 * Level 3.2 Maces & Flails
 - Level 1.5 Armour
 - Level 1.5 Dodging


You had one spell level left.
You didn't know any spells.

Dungeon Overview and Level Annotations

Branches:
Dungeon (2/15)

Altars:
Okawaru


Innate Abilities, Weirdness & Mutations

You do not eat or drink.
Your flesh is vulnerable to fire.
You are immune to poison.
Your flesh is cold resistant. (rC+)
You are immune to negative energy. (rN+++)
You are immune to unholy pain and torment.
You can survive without breathing.


Message History

The giant newt barely misses you.
Found a chain mail.
The bat closely misses you. The bat closely misses you.
The bat hits you but does no damage.
You sock the adder!
The adder is severely wounded.
The bat barely misses you. The bat closely misses you.
The giant newt closely misses you. The adder bites you but does no damage.
The bat hits you but does no damage.
The giant newt bites you but does no damage.
The adder bites you but does no damage.
You hit the hobgoblin.
The hobgoblin is heavily wounded.
The bat misses you. The giant newt barely misses you.
The hobgoblin hits you but does no damage.
The adder barely misses you. The bat hits you but does no damage.
The giant newt bites you.
* * * LOW HITPOINT WARNING * * *
The bat closely misses you. The hobgoblin hits you with a club.
You die...

#.####.........#.
####........... #
#............#.
.###[#.##..........
.........<........
###....##w#######
.....##..#.######
.### #..glSb....#
#...g@.....#
#..........#
#..........#
#..........#
############


You could see an adder, a dart slug, 2 hobgoblins, a bat and a giant newt.

Vanquished Creatures
  A giant gecko (D:1)
  5 giant cockroaches
  2 kobolds (D:1)
  4 bats (D:1)
  3 goblins (D:1)
  3 rats (D:1)
18 creatures vanquished.

Notes
Turn   | Place    | Note
--------------------------------------------------------------
     0 | D:1      | Kurtz the Mummy Berserker began the quest for the Orb.
     0 | D:1      | Reached XP level 1. HP: 18/18 MP: 1/1
   248 | D:1      | Reached XP level 2. HP: 17/24 MP: 2/2
   873 | D:2      | Found an iron altar of Okawaru.
   896 | D:2      | Slain by a hobgoblin

Vault maps used:
D:1:      dpeg_arrival_concentric_ovals
D:2:      nicolae_overflow_hidden_temple, lemuel_round_altar,
          ecumenical_altar_2, okawaru_metal_pillars_1_2

Skill      XL: |  1  2 |
---------------+-------+-----
Maces & Flails | 3 |  3.2
Fighting       | |  3.0
Armour         | |  1.5
Dodging        | |  1.5

Action                   || total
-------------------------++-------
Melee: Mace              ||    53
 Stab: Sleeping          ||     1
Armor: Animal skin       ||     4
       Ring mail         ||    23
Dodge: Dodged            ||    67
